 Dungeon Crawl Stone Soup version 0.20.0-7-g3b7b877 (webtiles) character file.

12100 anfisbena the Carver (level 11, -1/111 HPs)
             Began as a Tengu Berserker on May 29, 2017.
             Was a High Priest of Trog.
             Incinerated by skittles's ghost (2 damage)
             ... with a sticky flame
             ... on level 11 of the Dungeon.
             The game lasted 00:18:12 (13169 turns).

anfisbena the Carver (Tengu Berserker)             Turns: 13169, Time: 00:18:12

Health: -1/111     AC:  6    Str: 26    XL:     11   Next: 88%
Magic:  10/12      EV: 24    Int:  6    God:    Trog [*****.]
Gold:   844        SH:  4    Dex: 21    Spells: 10/10 levels left

rFire    . . .     SeeInvis .   a - +4 great sword
rCold    . . .     Gourm    .   (shield currently unavailable)
rNeg     . . .     Faith    .   j - +1 leather armour of Xeegeyf {Str+3 Int-3 Dex+2 Slay+5}
rPois    +         Spirit   .   (helmet restricted)
rElec    .         Reflect  +   (no cloak)
rCorr    .         Harm     .   E - +0 pair of gloves (curse)
MR       +....     Clarity  +   (boots unavailable)
Stlth    ..........             n - +4 amulet of reflection
Regen    0.3/turn               C - ring of protection from magic
MPRegen  0.2/turn               d - ring of poison resistance

@: berserking (expiring), liquid flames, flying quickly and evasively, glowing,
very quick
A: beak, talons 3, agile 2, clarity, robust 1, able to fly 1
a: Berserk, Trog's Hand, Brothers in Arms, Burn Spellbooks, Renounce Religion


You were on level 11 of the Dungeon.
You worshipped Trog.
Trog was extremely pleased with you.
You were very hungry.

You visited 1 branch of the dungeon, and saw 11 of its levels.
You also visited: Ossuary.

You collected 844 gold pieces.

Inventory:

Hand Weapons
 a - a +4 great sword (weapon)
 b - a +3 scimitar of flaming
Armour
 j - the +1 leather armour of Xeegeyf (worn) {Str+3 Int-3 Dex+2 Slay+5}
   (You found it on level 7 of the Dungeon)

   It affects your strength (+3).
   It affects your intelligence (-3).
   It affects your dexterity (+2).
   It affects your accuracy and damage with ranged weapons and melee attacks
   (+5).
 E - a cursed +0 pair of gloves (worn)
Jewellery
 d - a ring of poison resistance (right hand)
 n - a +4 amulet of reflection (around neck)
 C - a ring of protection from magic (left hand)
Wands
 f - a wand of flame (27/48)
Scrolls
 e - 4 scrolls of teleportation
 i - 2 scrolls of fear
 l - 3 scrolls of enchant weapon
 p - 2 scrolls of fog
 q - 5 scrolls of enchant armour
 s - 2 scrolls of identify
 t - 3 scrolls of remove curse
 z - a scroll of recharging
 A - a scroll of magic mapping
Potions
 g - a potion of mutation
 m - 6 potions of curing
 o - a potion of flight
 r - a potion of cancellation
 u - a potion of berserk rage
 w - a potion of lignification
 x - a potion of magic
 y - a potion of agility
 D - a potion of invisibility {unknown}
Books
 B - a book of Maledictions

   Spells                             Type                      Level
   a - Corona                         Hexes                        1
   b - Ensorcelled Hibernation        Hexes/Ice                    2
   c - Confuse                        Hexes                        3
   d - Tukima's Dance                 Hexes                        3
   e - Dazzling Spray                 Conjuration/Hexes            3
   Trog disapproves of the use of such an item.
Comestibles
 c - 10 bread rations
 h - 5 meat rations
 k - 6 fruits
 v - 11 royal jellies


   Skills:
 - Level 8.0 Fighting
 + Level 14.1 Long Blades
 + Level 7.4 Armour
 - Level 10.0 Dodging


You had 10 spell levels left.
You didn't know any spells.

Dungeon Overview and Level Annotations

Branches:
Dungeon (11/15)            Temple (0/1) D:6             Orc (0/2) D:10
   Lair: D:8-11

Altars:
Ashenzari
Fedhas
Kikubaaqudgha
Nemelex Xobeh
Sif Muna
Vehumet
Xom

Shops:
D:4 =   D:8 ((   D:10 ?   D:11 =


Innate Abilities, Weirdness & Mutations

You have a beak for a mouth.
You have claws for feet.
You can fly.
You are very agile. (Dex +4)
You possess an exceptional clarity of mind.
You are robust. (+10% HP)


Message History

You are covered in liquid flames!
* * * LOW HITPOINT WARNING * * *
Skittles's ghost closely misses you.
You riposte.
You carve skittles's ghost like a ham!!!
You destroy skittles's ghost!
Trog accepts your kill.
Trog appreciates your killing of a magic user.
Your Long Blades skill increases to level 14!
You are too berserk!
You are covered in liquid flames!
* * * LOW HITPOINT WARNING * * *
You are too berserk!
You feel a strong urge to attack something.
You are covered in liquid flames!
* * * LOW HITPOINT WARNING * * *
You are covered in liquid flames!
* * * LOW HITPOINT WARNING * * *
You feel your anger subside.
You are covered in liquid flames!
You die...

....................
....................
.........###########
######..# #†.# #†.#
###########..########
............†........
.......@.............
##########...########
#...# ######...#
..........#
.............>..
#######.........
#.......!. #.(.......


There were no monsters in sight!

Vanquished Creatures
  The ghost of skittles the Arsonist, a journeyman DrFE of Vehumet (D:11)
  2 two-headed ogres
  Erica (D:8)
  3 hornets (D:10)
  Grinder (D:4)
  2 hippogriffs (D:8)
  A vampire (D:9)
  10 yaks
  3 hungry ghosts
  2 wyverns (D:8)
  A soldier ant (D:10)
  2 water moccasins
  2 ice beasts
  A sky beast (D:3)
  4 ogres
  A phantom (D:10)
  5 orc warriors (D:10)
  6 centaurs
  An elf zombie (Ossuary)
  A big kobold (D:8)
  5 bullfrogs
  20 killer bees
  10 wights
  An electric eel (D:10)
  2 howler monkeys
  3 crimson imps
  2 quasits
  A bullfrog zombie (D:8)
  3 centaur zombies (Ossuary)
  6 hounds
  6 jellies
  11 orc priests
  3 bullfrog skeletons
  Natasha (thrice) (D:3)
  4 iguanas
  10 orc wizards
  10 worker ants
  Terence (D:3)
  2 big kobold zombies (Ossuary)
  4 mummies
  A worker ant zombie (D:8)
  4 gnolls (D:4)
  10 adders
  2 shadow imps
  12 oozes
  2 adder zombies (Ossuary)
  2 adder skeletons
  6 worms
  A dart slug (D:1)
  4 leopard geckos
  24 orcs
  8 bats
  6 giant cockroaches
  A gnoll zombie (Ossuary)
  5 goblins
  5 hobgoblins
  2 jackals (D:3)
  7 quokkas
  2 ball pythons
  4 frilled lizards
  A goblin zombie (Ossuary)
  3 hobgoblin zombies (Ossuary)
  A jackal zombie (Ossuary)
  21 kobolds
  3 kobold zombies
  4 orc zombies
  A quokka skeleton (D:8)
  4 quokka zombies (Ossuary)
  6 rats
  8 rat zombies (Ossuary)
317 creatures vanquished.

Vanquished Creatures (others)
  3 fungi (D:2)
  8 toadstools (D:2)
11 creatures vanquished.

Grand Total: 328 creatures vanquished

Notes
Turn   | Place    | Note
-------+----------+-------------------------------------------
     0 | D:1      | anfisbena the Tengu Berserker began the quest for the Orb.
     0 | D:1      | Reached XP level 1. HP: 14/14 MP: 2/2
   223 | D:1      | Reached XP level 2. HP: 14/19 MP: 3/3
   365 | D:1      | Gained mutation: You possess an exceptional clarity of mind. [potion of mutation]
   365 | D:1      | Gained mutation: You are agile. (Dex +2) [potion of mutation]
   365 | D:1      | Gained mutation: You are very agile. (Dex +4) [potion of mutation]
   365 | D:1      | Gained mutation: You are robust. (+10% HP) [potion of mutation]
  1033 | D:1      | Reached skill level 4 in Long Blades
  1033 | D:1      | Reached XP level 3. HP: 25/25 MP: 4/4
  1219 | D:2      | Reached ** piety under Trog
  1523 | D:2      | Reached XP level 4. HP: 26/31 MP: 5/5
  1929 | D:2      | Gained mutation: You can fly. [Tengu growth]
  1929 | D:2      | Reached XP level 5. HP: 34/37 MP: 6/6
  1935 | D:2      | Reached skill level 5 in Long Blades
  2128 | D:2      | Found a blossoming altar of Fedhas.
  2201 | D:3      | Reached *** piety under Trog
  2257 | D:3      | Noticed Natasha
  2264 | D:3      | Killed Natasha
  2264 | D:3      | Reached skill level 5 in Fighting
  2392 | D:3      | Noticed a sky beast
  2402 | D:3      | Killed a sky beast
  2402 | D:3      | Reached XP level 6. HP: 41/44 MP: 3/7
  2403 | D:3      | Noticed Natasha
  2406 | D:3      | Killed Natasha
  2445 | D:3      | Noticed Natasha
  2452 | D:3      | Killed Natasha
  2452 | D:3      | Reached skill level 6 in Long Blades
  2917 | D:3      | Noticed Terence
  2923 | D:3      | Killed Terence
  2985 | D:4      | Found Subir's Jewellery Emporium.
  3018 | D:4      | Reached XP level 7. HP: 46/49 MP: 8/8
  3088 | D:4      | Noticed Grinder
  3105 | D:4      | Paralysed by Grinder for 4 turns
  3267 | D:4      | Killed Grinder
  3382 | D:4      | Found an ancient bone altar of Kikubaaqudgha.
  3382 | D:4      | Found a deep blue altar of Sif Muna.
  3389 | D:4      | Found a shattered altar of Ashenzari.
  3391 | D:4      | Found a radiant altar of Vehumet.
  3393 | D:4      | Found a sparkling altar of Nemelex Xobeh.
  3494 | D:4      | Reached skill level 7 in Long Blades
  3783 | D:4      | Found a shimmering altar of Xom.
  3829 | D:4      | Reached XP level 8. HP: 48/57 MP: 5/9
  4885 | D:5      | Entered Level 5 of the Dungeon
  4940 | D:5      | Reached skill level 8 in Long Blades
  4945 | D:5      | Reached **** piety under Trog
  5731 | D:5      | Got a spiked leather armour
  5742 | D:5      | Identified the cursed +1 leather armour of Honesty {rCorr Int-4 Dex+5} (You found it on level 5 of the Dungeon)
  6492 | D:6      | Noticed a two-headed ogre
  6501 | D:6      | Killed a two-headed ogre
  6501 | D:6      | Reached skill level 9 in Long Blades
  6501 | D:6      | Reached XP level 9. HP: 64/64 MP: 6/10
  6762 | D:6      | Reached skill level 5 in Dodging
  7117 | D:6      | Found a staircase to the Ecumenical Temple.
  7174 | D:7      | Reached skill level 10 in Long Blades
  7632 | D:7      | Found a sand-covered staircase.
  7640 | Ossuary  | Entered an ossuary
  8068 | D:7      | Reached skill level 11 in Long Blades
  8334 | D:7      | Reached XP level 10. HP: 70/70 MP: 11/11
  9017 | D:7      | Got a pitted leather armour
  9028 | D:7      | Identified the +1 leather armour of Xeegeyf {Str+3 Int-3 Dex+2 Slay+5} (You found it on level 7 of the Dungeon)
  9045 | D:8      | Found Goidd's Antique Weapon Shoppe.
  9059 | D:8      | Reached ***** piety under Trog
  9196 | D:8      | Found Loabasoi's Antique Weapon Shoppe.
  9488 | D:8      | Noticed Erica
  9501 | D:8      | Noticed a two-headed ogre
  9504 | D:8      | Killed a two-headed ogre
  9504 | D:8      | Reached skill level 12 in Long Blades
  9512 | D:8      | Killed Erica
 10259 | D:8      | Reached skill level 10 in Dodging
 10259 | D:8      | Reached XP level 11. HP: 74/74 MP: 12/12
 10865 | D:9      | Reached skill level 13 in Long Blades
 11184 | D:10     | Entered Level 10 of the Dungeon
 11200 | D:10     | Found a shattered altar of Ashenzari.
 11747 | D:10     | Reached skill level 5 in Armour
 12645 | D:10     | Found Kaos's Magic Scroll Shoppe.
 12847 | D:10     | Found a staircase to the Orcish Mines.
 13068 | D:11     | Found Dinguoq's Jewellery Shop.
 13150 | D:11     | Noticed skittles's ghost (journeyman DrFE)
 13165 | D:11     | Killed skittles's ghost
 13165 | D:11     | Reached skill level 14 in Long Blades
 13166 | D:11     | HP: 5/111 [burnt (4)]
 13168 | D:11     | HP: 1/111 [burnt (4)]
 13169 | D:11     | Incinerated by skittles's ghost

Skill      XL: |  1  2  3  4  5  6  7  8  9 10 11 |
---------------+----------------------------------+-----
Long Blades    | 4 5 6 7 9 11 12 14 | 14.1
Fighting       | 4 5 6 8 |  8.0
Dodging        | 4 7 10 | 10.0
Armour         | 7 |  7.4

Action                   |  1- 3 |  4- 6 |  7- 9 | 10-12 || total
-------------------------+-------+-------+-------+-------++-------
Melee: Falchion          |    65 |   107 |   226 |       ||   398
       Kick              |    28 |    47 |   178 |   131 ||   384
       Peck              |    12 |    23 |   103 |    72 ||   210
       Scimitar          |       |       |   103 |    40 ||   143
       Great sword       |       |       |       |   212 ||   212
Invok: Berserk           |       |     5 |     8 |     4 ||    17
       Trog's Hand       |       |       |     1 |     3 ||     4
 Abil: Fly               |       |     4 |     7 |    11 ||    22
  Use: Scroll            |     2 |     4 |     6 |     8 ||    20
       Potion            |     1 |       |     2 |     3 ||     6
 Stab: Sleeping          |       |       |     5 |     2 ||     7
       Distracted        |       |       |       |     1 ||     1
  Eat: Chunk             |     2 |     8 |    17 |    20 ||    47
       Royal jelly       |       |     1 |       |       ||     1
       Fruit             |       |       |     8 |     4 ||    12
Armor: Animal skin       |    16 |    11 |       |       ||    27
       Scale mail        |       |    10 |    37 |       ||    47
       Leather armour    |       |       |    22 |    27 ||    49
Dodge: Dodged            |    43 |    55 |   154 |   196 ||   448
Block: Buckler           |     7 |    19 |    67 |     2 ||    95
       Other             |       |       |       |    43 ||    43
       Reflection        |       |       |       |     5 ||     5
       Rpst.: Falchion   |     9 |    15 |    41 |       ||    65
       Scimitar          |       |       |    22 |     3 ||    25
       Great sword       |       |       |       |    53 ||    53
